Map: [ESL] Waterfall

Players

SpeCial - Winner!

  • Race: Terran Terran
  • Spawn Location: 1:00

Silky

  • Race: Zerg Zerg
  • Spawn Location: 7:00

Event: DreamHack SC2 Masters 2022 Atlanta (Offline)

VOD

Have the link to the VOD?

Description

Time

  • Played on: Nov. 18, 2022, 6:49 p.m.
  • Length: 9:46

All games in this series

Show
View Real Time Build Order
Export as new Build Order

SpeCial Terran - Winner!

Build Orders:  

Get SALT Encoding   

  12  0:00  SCV  
  13  0:12  SCV  
  14  0:17  Supply Depot  
  14  0:24  SCV  
  15  0:38  SCV  
  15  0:40  Barracks  
  16  0:43  Refinery  
  16  0:50  SCV  
  17  1:03  SCV  
  18  1:15  SCV  
  19  1:27  Barracks Reactor, Orbital Command  
  19  1:40  Command Center  
  19  1:49  Supply Depot  
  19  1:53  SCV  
  20  2:03  Marine x2  
  20  2:05  SCV  
  23  2:10  Factory  
  23  2:17  SCV  
  23  2:21  Marine x2  
  26  2:25  Refinery  
  26  2:29  SCV  
  27  2:42  SCV  
  28  2:53  Orbital Command  
  28  2:55  Starport  
  28  2:56  SCV  
  29  3:02  Hellion x2  
  29  3:03  Barracks Tech Lab  
  33  3:08  SCV  
  34  3:19  SCV  
  35  3:20  SCV  
  35  3:23  Hellion  
  35  3:24  Hellion  
  40  3:31  SCV  
  40  3:32  SCV  
  42  3:39  Supply Depot  
  42  3:41  Raven  
  44  3:42  Barracks Tech Lab  
  44  3:43  SCV  
  44  3:44  SCV  
  44  3:47  Barracks  
  42  3:59  SCV x2  
  42  4:00  Marine  
  42  4:01  Stimpack  
  45  4:04  Supply Depot  
  45  4:06  Factory Reactor  
  45  4:11  SCV x2  
  47  4:18  Marine  
  47  4:19  Command Center  
  48  4:25  Supply Depot  
  48  4:26  SCV x2  
  48  4:29  Refinery  
  50  4:34  Marine x2  
  50  4:36  Marine  
  53  4:38  SCV x2  
  55  4:52  Medivac x2, Marine x2  
  61  4:54  Marine  
  61  4:57  SCV  
  59  5:10  SCV x2, Marine x2  
  59  5:12  Marine  
  59  5:13  Engineering Bay  
  60  5:14  Engineering Bay  
  60  5:16  Siege Tank  
  63  5:27  Barracks, Marine x2  
  65  5:31  Marine  
  65  5:33  Barracks, Orbital Command, Starport Reactor  
  66  5:45  Barracks, Terran Infantry Armor Level 1, Terran Infantry Weapons Level 1, Marine x2  
  66  5:49  Marine  
  69  5:52  Siege Tank  
  72  6:01  Barracks  
  72  6:03  Barracks, Marine  
  73  6:04  Barracks  
  73  6:06  Marine  
  73  6:07  Marine  
  75  6:13  Marine  
  75  6:14  Marine  
  76  6:20  Medivac x2  
  76  6:21  Marine  
  76  6:24  Marine  
  83  6:29  Supply Depot  
  83  6:31  Orbital Command  
  83  6:32  Combat Shield  
  82  6:33  Barracks Reactor  
  82  6:38  Barracks Reactor, Marine x3  
  85  6:47  Supply Depot  
  85  6:51  Marine x2  
  85  6:53  Supply Depot  
  87  6:54  Siege Tank  
  87  6:56  Marine  
  87  6:57  Marine x2  
  93  7:09  SCV x3, Marine x5  
  93  7:14  Marine x5  
  106  7:15  Supply Depot  
  106  7:17  Supply Depot  
  106  7:19  Medivac  
  108  7:26  Marine  
  108  7:27  Supply Depot  
  109  7:37  Marine x8  
  109  7:38  Medivac, Marine x3  
  109  7:43  Supply Depot  
  122  7:44  Marine  
  122  7:49  Siege Tank  
  126  7:54  Marine  
  126  7:55  Marine x6  
  126  7:57  Marine  
  131  7:59  Medivac  
  133  8:08  Medivac, Marine x2  
  133  8:09  Marine  
  138  8:13  Marine x2  
  138  8:17  Marine  
  138  8:19  SCV  
  133  8:20  Marine  
  133  8:21  Marine  
  133  8:22  Siege Tank  
  135  8:29  Medivac  
  135  8:32  Marine  
  135  8:34  SCV x3  
  134  8:38  Marine  
  134  8:40  Supply Depot  
  134  8:41  Marine  
  136  8:46  SCV  
  136  8:48  Marine  
  132  8:54  Medivac  
  134  8:55  Marine  
  134  8:56  Marine  
  134  8:59  SCV x3, Medivac  
  134  9:02  Marine x3  
  139  9:09  Marine x5  
  145  9:11  SCV x3  
  145  9:12  Marine  
  149  9:22  Marine  
  149  9:23  Marine  
  149  9:29  Supply Depot x2  
  149  9:31  SCV, Armory  
  147  9:32  Supply Depot, SCV  
Show
View Real Time Build Order
Export as new Build Order

Silky Zerg 

Build Orders: Hatch First, Lurkers 

Get SALT Encoding   

  12  0:00  Drone  
  13  0:11  Overlord  
  13  0:17  Drone  
  14  0:30  Drone x2  
  16  0:48  Hatchery  
  15  0:51  Drone  
  15  0:55  Drone  
  17  0:58  Drone  
  18  1:08  Extractor  
  17  1:13  Spawning Pool  
  17  1:16  Drone  
  17  1:20  Drone  
  18  1:28  Drone  
  19  1:38  Drone  
  20  1:48  Overlord  
  20  2:00  Zergling x4, Queen x2  
  26  2:10  Drone x2  
  26  2:12  Metabolic Boost  
  28  2:29  Hatchery  
  27  2:32  Drone  
  27  2:34  Drone  
  29  2:40  Drone  
  29  2:41  Drone  
  31  2:45  Overlord  
  31  2:53  Queen  
  33  2:59  Drone x2  
  33  3:03  Overlord  
  35  3:11  Overlord  
  35  3:20  Queen  
  35  3:22  Zergling x4  
  35  3:23  Zergling x4  
  35  3:25  Zergling x2  
  35  3:26  Drone  
  43  3:32  Queen  
  45  3:34  Drone  
  45  3:41  Drone x3  
  49  3:44  Drone x2  
  51  3:50  Drone x2  
  51  3:54  Drone  
  51  3:55  Drone  
  54  4:01  Lair  
  54  4:05  Baneling Nest, Drone  
  54  4:08  Drone  
  55  4:12  Queen  
  57  4:18  Overlord  
  57  4:20  Drone  
  57  4:21  Overlord  
  57  4:22  Spore Crawler  
  57  4:29  Overlord  
  57  4:36  Drone, Overlord  
  58  4:38  Drone  
  58  4:39  Drone x5  
  58  4:40  Drone  
  58  4:42  Drone  
  66  4:48  Zergling x6  
  66  4:51  Drone x3  
  66  4:52  Drone  
  73  4:55  Drone, Extractor  
  73  4:57  Extractor  
  68  5:09  Drone x3  
  68  5:10  Centrifugal Hooks  
  71  5:17  Evolution Chamber x2  
  71  5:18  Drone x3  
  71  5:19  Drone x2  
  71  5:21  Drone  
  74  5:23  Drone x2  
  74  5:25  Drone  
  74  5:26  Drone  
  78  5:28  Drone x2  
  78  5:33  Drone  
  78  5:34  Drone  
  81  5:39  Extractor  
  81  5:40  Extractor  
  81  5:41  Drone  
  81  5:42  Drone  
  81  5:46  Overlord  
  81  5:48  Zerg Melee Weapons Level 1  
  81  5:51  Hatchery  
  81  5:52  Zerg Ground Armor Level 1  
  81  5:53  Overlord  
  80  6:00  Zergling x2  
  80  6:03  Overlord  
  81  6:06  Zergling x16  
  89  6:12  Zergling x2  
  89  6:15  Drone  
  89  6:18  Hydralisk Den  
  87  6:19  Drone x2  
  87  6:24  Drone x3  
  90  6:28  Drone x2  
  90  6:29  Zergling x4  
  94  6:33  Baneling x8  
  94  6:35  Zergling x4  
  94  6:38  Zergling x2  
  97  6:41  Zergling x6  
  97  6:43  Queen  
  102  6:47  Zergling x6  
  102  6:50  Overlord x2  
  102  6:52  Muscular Augments  
  104  6:58  Overlord  
  104  7:02  Drone  
  104  7:04  Drone x4, Overlord  
  104  7:05  Queen  
  104  7:08  Lurker Den  
  110  7:10  Hydralisk x2  
  110  7:12  Hydralisk x2  
  118  7:19  Zergling x12  
  124  7:25  Zergling x4  
  124  7:26  Zergling x2  
  124  7:28  Extractor  
  124  7:29  Infestation Pit  
  124  7:32  Hydralisk x2  
  124  7:35  Drone  
  129  7:37  Drone  
  129  7:42  Hydralisk  
  129  7:43  Hydralisk x4  
  140  7:47  Zergling x2  
  140  7:48  Zergling x2  
  141  7:57  Zergling x2  
  141  7:58  Zergling x10  
  143  8:04  Grooved Spines  
  142  8:11  Lurker x3  
  142  8:12  Zergling x8  
  144  8:13  Overlord  
  117  8:22  Zergling x18  
  108  8:37  Drone x4  
  108  8:38  Drone x2  
  108  8:39  Queen  
  108  8:40  Baneling, Extractor  
  115  8:46  Zergling x2  
  115  8:47  Zergling x6  
  94  8:53  Hydralisk x3  
  97  8:56  Lurker  
  97  9:00  Hatchery  
  97  9:03  Zergling x2  
  97  9:04  Zergling x4  
  97  9:08  Zergling x6  
  103  9:12  Zergling x2  
  94  9:30  Extractor  
  99  9:37  Hatchery  
Tags
 
Add a new tag
Caveats
  • Supply blocks, unpowered buildings, or Contaminate may cause inaccurate times.
  • Supply counts are checked every 10 seconds.